 Dungeon Crawl Stone Soup version 0.29.0-15-g675c0067aa (webtiles) character file.

Game seed: 1222158424824314456

1712 Acheron the Conjurer (level 8, -4/75 HPs)
             Began as a Troll Conjurer on Sept 11, 2022.
             Slain by an orc warrior
             ... wielding a +0 glaive
              (10 damage)
             ... on level 7 of the Dungeon.
             The game lasted 00:44:40 (6998 turns).

Acheron the Conjurer (Troll Conjurer)               Turns: 6998, Time: 00:44:40

Health: -4/75      AC:  4    Str: 16    XL:     8   Next: 74%
Magic:  5/10       EV: 10    Int: 14    God:
Gold:   513        SH:  0    Dex: 10    Spells: 8/11 levels left

rFire   . . .      SeeInvis .   k - +4 whip (elec)
rCold   . . .      Faith    .   (no shield)
rNeg    . . .      Spirit   .   a - +0 robe
rPois   .          Reflect  .   (helmet restricted)
rElec   .          Harm     .   (no cloak)
rCorr   .          Rampage  .   (gloves unavailable)
Will    .....                   (boots unavailable)
Stlth   ++........              e - amulet of regeneration
HPRegen 1.82/turn               (no ring)
MPRegen 0.12/turn               (no ring)

@: no status effects
A: large, unfitting armour, claws 3, regeneration 1, shaggy fur 1, tough skin 1
a: no special abilities


You were on level 7 of the Dungeon.
You visited 2 branches of the dungeon, and saw 9 of its levels.
You also visited: Ossuary.

You collected 513 gold pieces.

Inventory:

Hand Weapons
 j - a +1 mace
 k - a +4 whip of electrocution (weapon)
 z - a +1 short sword of freezing
 A - the +4 sling of Lagec {vorpal, rF- rC+ Dex+2}
   (You found it on level 7 of the Dungeon)

   Any ammunition fired from it inflicts extra damage upon your enemies.
   Dex:       It affects your dexterity (+2).
   rF:        It makes you vulnerable to fire.
   rC:        It protects you from cold.
 C - a +1 spear of freezing
Missiles
 g - 6 javelins (quivered)
 u - 8 poisoned darts
 x - 3 atropa-tipped darts
Armour
 a - a +0 robe (worn)
Jewellery
 e - an amulet of regeneration (around neck)
Scrolls
 d - 2 scrolls of poison
 q - 2 scrolls of teleportation
 s - a scroll of enchant weapon
 v - a scroll of magic mapping
 y - 2 scrolls of butterflies {unknown}
 B - a scroll of identify
 D - a scroll of fear
Potions
 b - 2 potions of magic
 c - a potion of resistance
 f - a potion of mutation
 h - 4 potions of cancellation
 i - a potion of invisibility
 l - a potion of flight
 m - 3 potions of curing
 n - a potion of might
 o - 2 potions of berserk rage
 p - 2 potions of lignification
 r - 2 potions of attraction {unknown}
 t - 2 potions of degeneration {unknown}
 w - 5 potions of heal wounds {unknown}


   Skills:
 * Level 3.5 Fighting
 * Level 4.4 Maces & Flails
 * Level 1.4 Throwing
 * Level 4.0 Dodging
 * Level 1.6 Stealth
 * Level 3.5 Unarmed Combat
 + Level 2.3 Spellcasting
 + Level 4.6 Conjurations


You had 8 spell levels left.
You knew the following spells:

 Your Spells              Type           Power      Damage    Failure   Level
a - Magic Dart            Conj           56%        1d5       3%          1
b - Searing Ray           Conj           28%        2d5       5%          2

Your spell library contained the following spells:

 Spells                   Type           Power      Damage    Failure   Level
 Dazzling Flash           Conj/Hex       16%        N/A       26%         3
 Ensorcelled Hibernation  Hex/Ice        2%         N/A       34%         2
 Spider Form              Tmut/Pois      1%         N/A       56%         3
 Fulminant Prism          Conj/Hex       4%         3d6       65%         4
 Iskenderun's Mystic Bla  Conj/Tloc      8%         2d4       65%         4
 Anguish                  Hex/Necr       0%         N/A       92%         4


Dungeon Overview and Level Annotations

Branches:
Dungeon (8/15)             Temple (1/1) D:7         Ossuary (visited)
   Lair: D:8-11

Altars:
Ashenzari
Cheibriados
Dithmenos
Elyvilon
Fedhas
Gozag
Hepliaklqana
Kikubaaqudgha
Nemelex Xobeh
Qazlal
Ru
Trog
Xom
Yredelemnul
The Shining One

Shops:
D:3 :

Annotations:
D:7 exclusion: 2 downstairs


Innate Abilities, Weirdness & Mutations

You are too large for most types of armour.
You have claws for hands.
Your natural rate of healing is unusually fast.
You are covered in fur. (AC +1)
You have tough skin. (AC +1)


Message History

You hit the orc warrior but do no damage.
Lightning courses through the orc warrior!
The orc warrior is moderately wounded.
The orc warrior hits you with a +0 glaive!!
You hit the orc warrior but do no damage.
The orc warrior is moderately wounded.
The orc warrior hits you with a +0 glaive!
You whack the orc warrior!
The orc warrior is heavily wounded.
The orc warrior hits you with a +0 glaive!
You hit the orc warrior.
The orc warrior is severely wounded.
The orc warrior hits you with a +0 glaive!
* * * LOW HITPOINT WARNING * * *
You hit the orc warrior.
The orc warrior is severely wounded.
You feel better.
The orc warrior hits you with a +0 glaive!
* * * LOW HITPOINT WARNING * * *
Casting: Searing Ray (safe; 5% risk of failure)
Confirm with . or Enter, or press ? or * to list all spells.
Aiming: Searing Ray (safe; 5% risk of failure)
Press: ? - help, Shift-Dir - straight line, f - orc warrior
Aim: an orc warrior, wielding a +0 glaive and wearing a +0 plate armour (severely wounded, 76% to hit)
The searing ray hits the orc warrior.
The orc warrior is almost dead. (Press . to maintain the ray.)
The orc warrior closely misses you.
The searing ray hits the orc warrior but does no damage.
The orc warrior is almost dead.
The orc warrior barely misses you.
The searing ray hits the orc warrior but does no damage.
The orc warrior is almost dead.
The orc warrior hits you with a +0 glaive!
* * * LOW HITPOINT WARNING * * *
The searing ray hits the orc warrior but does no damage.
The orc warrior is almost dead.
You finish channelling your searing ray.
The orc warrior hits you with a +0 glaive!
You die...

#....#.#########..#
#....#.......o....#
######....#######.#
#...<# ..#.# ##>#.#
##.#.# #.#.# ..#.#
#.#.#####.#.#
#.#......o#.#
#.#######@#)# #<.
#...).#)# ###
#.#####.# #.)...#.#
#.#)..#.#
#######)###.#
............#
#######.##### #.#


You could see an orc warrior.

Vanquished Creatures
  An ice beast (D:6)
  3 ogres
  A centaur (D:4)
  2 bullfrogs
  5 necrophages
  A gnoll sergeant (D:6)
  A scorpion (D:4)
  2 howler monkeys (D:6)
  A gnoll bouda (D:5)
  2 hounds
  A jelly (D:5)
  3 iguanas
  2 orc wizards (D:7)
  9 mummies
  Robin (D:2)
  12 gnolls
  7 adders
  A shadow imp (D:5)
  A white imp (D:5)
  2 ufetubi
  2 worms (D:2)
  2 dart slugs
  9 orcs
  5 bats
  2 endoplasms
  A giant cockroach (D:3)
  A gnoll zombie (Ossuary)
  14 goblins
  4 hobgoblins
  2 quokkas
  7 ball pythons
  A frilled lizard (D:1)
  A goblin zombie (D:4)
  4 hobgoblin zombies (Ossuary)
  7 kobolds
  2 kobold zombies (Ossuary)
  2 orc zombies
  2 rats (D:1)
126 creatures vanquished.

Vanquished Creatures (others)
  A plant (D:3)
1 creature vanquished.

Grand Total: 127 creatures vanquished

Notes
Turn   | Place    | Note
-------+----------+-------------------------------------------
     0 | D:1      | Acheron the Troll Conjurer began the quest for the Orb.
     0 | D:1      | Reached XP level 1. HP: 16/16 MP: 1/1
   108 | D:1      | Reached XP level 2. HP: 24/24 MP: 2/2
   111 | D:1      | Learned a level 2 spell: Searing Ray
   979 | D:2      | Reached XP level 3. HP: 31/31 MP: 1/3
   993 | D:2      | Noticed Robin
  1003 | D:2      | Killed Robin
  1004 | D:2      | Reached skill level 1 in Fighting
  1608 | D:2      | Found an opulent altar of Gozag.
  1627 | D:2      | Reached XP level 4. HP: 37/41 MP: 3/5
  1791 | D:3      | Reached skill level 1 in Unarmed Combat
  1815 | D:3      | Found Ryse Saosun's Book Shop.
  2000 | D:3      | Found a faded altar of an unknown god.
  2025 | D:3      | Found a shadowy altar of Dithmenos.
  2280 | D:3      | Found a stormy altar of Qazlal.
  2397 | D:4      | Found a sand-covered staircase.
  2398 | D:4      | Noticed a scorpion
  2438 | D:4      | Reached XP level 5. HP: 41/49 MP: 6/6
  2469 | Ossuary  | Entered an ossuary
  2517 | Ossuary  | Reached skill level 1 in Maces & Flails
  3421 | D:4      | Reached XP level 6. HP: 53/57 MP: 1/7
  3683 | D:5      | Entered Level 5 of the Dungeon
  3814 | D:5      | Reached XP level 7. HP: 19/65 MP: 2/8
  4535 | D:6      | Found a glowing golden altar of the Shining One.
  4540 | D:6      | Found a white marble altar of Elyvilon.
  4564 | D:6      | Found a snail-covered altar of Cheibriados.
  4667 | D:6      | Found a faded altar of an unknown god.
  4667 | D:6      | Found a blossoming altar of Fedhas.
  4705 | D:6      | Found a hazy altar of Hepliaklqana.
  4709 | D:6      | Found a shimmering altar of Xom.
  4774 | D:6      | Found a faded altar of an unknown god.
  5669 | D:6      | Reached XP level 8. HP: 75/75 MP: 10/10
  5754 | D:7      | Found a staircase to the Ecumenical Temple.
  5763 | Temple   | Entered the Ecumenical Temple
  5982 | D:7      | Identified the +4 sling of Lagec {vorpal, rF- rC+ Dex+2}
  5994 | D:8      | Noticed a two-headed ogre
  6080 | D:7      | Noticed a hornet
  6666 | D:6      | Reached skill level 1 in Throwing
  6794 | D:6      | Found a sacrificial altar of Ru.
  6998 | D:7      | Slain by an orc warrior

Illustrated notes

Levels and vault maps discovered:
D:1:      scummos_arrival_simple_crosswalls, layout_loops_ring,
          minmay_tromino_v2
D:2:      layout_basic, basic_altar, grunt_decor_cap, uniq_robin
D:3:      layout_rooms, amcnicky_altar_gilded, grunt_qazlal_clouds,
          serial_shops, nicolae_shop_waterfront, serial_bayou,
          serial_bayou_pond_e, serial_bayou_pond_e, serial_bayou_shore_a,
          serial_bayou_pond_e, hellmonk_ecumenical_altar_arch_garden
D:4:      layout_gridville, vehumet_altar_wand_db, nicolae_ossuary_entry_giza,
          chequers_serial_rivers_small_3
D:5:      layout_basic, kennysheep_small_spiral, kennysheep_boxes
D:6:      layout_rooms, overflow_temple_1_default, nicolae_tso_carved_into_rock,
          mainiacjoe_overflow_boulevard, cheibriados_altar_1,
          chequers_temple_overflow_minitemple, grunt_ministairs_4,
          minmay_misc_feat_tiny, grunt_tough_drop
D:7:      layout_basic, minmay_temple_entry_statues_fountains,
          ebering_ghost_reflecting_pool, uniq_menkaure, uniq_duvessa
D:8:      layout_cave_pools, kennysheep_mini, marbit_many_paths, led_sif_book,
          kennysheep_okawaru_gauntlet, zin_scriptorium,
          grunt_decor_mini_mirrors, minmay_misc_feat_secret_circle
Temple:   nicolae_temple_two_arcs

Skill      XL: |  1  2  3  4  5  6  7  8 |
---------------+-------------------------+-----
Conjurations   | 3 4 |  4.6
Fighting       | 1 2 3 |  3.5
Unarmed Combat | 1 2 3 |  3.5
Dodging        | 2 3 4 |  4.0
Maces & Flails | 2 3 4 |  4.4
Spellcasting   | 2 |  2.3
Throwing       | 1 |  1.4
Stealth        | |  1.6

Action                   |  1- 3 |  4- 6 |  7- 9 || total
-------------------------+-------+-------+-------++-------
Melee: Unarmed           |    64 |       |       ||    64
       Whip              |    51 |   126 |   119 ||   296
       Punch             |       |       |     2 ||     2
Throw: Javelin           |       |       |     2 ||     2
 Cast: Magic Dart        |    22 |    14 |       ||    36
       Searing Ray       |       |    21 |    35 ||    56
  Use: Scroll            |     7 |    11 |     5 ||    23
       Potion            |       |       |     1 ||     1
 Stab: Sleeping          |     1 |     1 |     1 ||     3
Armor: Robe              |    48 |    44 |    26 ||   118
Dodge: Dodged            |    69 |    89 |    75 ||   233
